 Dungeon Crawl Stone Soup version 0.27.1-33-g824d729ab1 (webtiles) character file.

Game seed: 13775095321528985594

278 lordive the Shooter (level 6, -2/51 HPs)
             Began as a Minotaur Hunter on Dec 27, 2021.
             Slain by a black bear (3 damage)
             ... on level 3 of the Dungeon.
             The game lasted 00:04:13 (3836 turns).

lordive the Shooter (Minotaur Hunter)               Turns: 3836, Time: 00:04:14

Health: -2/51      AC:  7    Str: 18    XL:     6   Next: 5%
Magic:  5/5        EV: 13    Int:  8    God:
Gold:   116        SH:  0    Dex: 17    Spells: 5/5 levels left

rFire    . . .     SeeInvis .   a - +1 shortbow
rCold    . . .     Faith    .   (shield currently unavailable)
rNeg     . . .     Spirit   .   c - +0 leather armour
rPois    .         Reflect  .   (helmet restricted)
rElec    .         Harm     .   (no cloak)
rCorr    .         Rampage  .   (no gloves)
Will     .....                  (no boots)
Stlth    ++........             (no amulet)
HPRegen  0.17/turn              i - +6 ring of dexterity
MPRegen  0.09/turn              n - +4 ring of protection

@: no status effects
A: horns 2, retaliatory headbutt
a: no special abilities


You were on level 3 of the Dungeon.
You visited 1 branch of the dungeon, and saw 4 of its levels.

You collected 116 gold pieces.

Inventory:

Hand Weapons
 a - a +1 shortbow (weapon)
 b - a +0 short sword
Missiles
 d - 20 arrows (quivered ammo)
Armour
 c - a +0 leather armour (worn)
Jewellery
 i - a +6 ring of dexterity (left hand)
 n - a +4 ring of protection (right hand)
 o - a ring of flight
Wands
 j - a wand of flame (26)
 p - a wand of iceblast (6)
Scrolls
 f - 2 scrolls of identify {unknown}
 g - a scroll of brand weapon {unknown}
 k - a scroll of fear {unknown}
 l - 2 scrolls of teleportation {unknown}
 m - a scroll of noise {unknown}
 q - a scroll of immolation {unknown}
 r - a scroll of amnesia {unknown}
 s - 2 scrolls of fog {unknown}
Potions
 e - 2 potions of flight {unknown}
 h - a potion of attraction {unknown}
 t - 2 potions of mutation {unknown}
 u - a potion of haste {unknown}


   Skills:
 + Level 3.5 Fighting
 * Level 6.2 Bows
 + Level 3.2 Armour
 + Level 2.9 Dodging
 + Level 1.8 Stealth


You had 5 spell levels left.
You didn't know any spells.
Your spell library was empty.

Dungeon Overview and Level Annotations

Branches:
Dungeon (4/15)
 Temple: D:4-7

Altars:
Dithmenos
Trog


Innate Abilities, Weirdness & Mutations

You have a pair of horns on your head.
You reflexively headbutt those who attack you in melee.


Message History

The black bear bites you! The black bear barely misses you.
The black bear claws you.
The black bear bites you but does no damage.
The black bear claws you but does no damage.
The black bear claws you.
You shoot an arrow. The arrow barely misses the black bear.
The black bear bites you!
The black bear claws you but does no damage. x2
You are too injured to fight recklessly!
You are too injured to fight recklessly!
You are too injured to fight recklessly!
You are too injured to fight recklessly!
Unknown command.
Fire: 23 arrows
Press: ? - help, Q - select action, (/) - cycle Shift-Dir - straight line, f/p - black bear
Aim: a black bear (almost dead, berserk, 72% to hit)
You shoot an arrow.
The arrow closely misses the black bear.
The black bear misses you.
The black bear claws you but does no damage.
The black bear misses you. The black bear bites you!
* * * LOW HITPOINT WARNING * * *
The black bear claws you.
* * * LOW HITPOINT WARNING * * *
The black bear claws you.
* * * LOW HITPOINT WARNING * * *
Fire: 22 arrows
Press: ? - help, Q - select action, (/) - cycle Shift-Dir - straight line, f/p - black bear
Aim: a black bear (almost dead, berserk, 72% to hit)
You shoot an arrow.
The arrow closely misses the black bear.
The black bear barely misses you. x2; The black bear claws you.
* * * LOW HITPOINT WARNING * * *
Unknown command.
Fire: 21 arrows
Press: ? - help, Q - select action, (/) - cycle Shift-Dir - straight line, f/p - black bear
Aim: a black bear (almost dead, berserk, 72% to hit)
You shoot an arrow. The arrow barely misses the black bear.
The black bear bites you.
You die...

#.#####...##### ###########
#.'....._.....' #.........#
#.#####...#####
######.........#
#.....#####....
#....'.........#
#####........##
#.####.........# ###.#......
..# #.........# #.#######
########'######### #.#...# #
.........(.....h@# #)#†#.# #
###.####.###.##### ###.#.#.# #
###.## #.###.##########....<#.#
# .....#
#.#........#.........#.# #
###..# #.#........#.........#.#
#
###..###.#........#.........#.#
#
.........#........#####+##.##.#
# ..#..#####........# #.#..##.#
# ..#..# #........# #.#..##.# #


You could see a black bear (berserk).

Vanquished Creatures
  A black bear (D:3)
  Jessica (D:2)
  8 adders
  2 worms (D:2)
  4 dart slugs
  3 orcs (D:3)
  A ball python (D:1)
  7 endoplasms
  3 giant cockroaches (D:2)
  2 goblins
  9 hobgoblins
  9 kobolds
  5 quokkas
  9 bats
  3 frilled lizards
  5 rats
72 creatures vanquished.

Vanquished Creatures (others)
  8 fungi (D:2)
  7 plants (D:2)
15 creatures vanquished.

Grand Total: 87 creatures vanquished

Notes
Turn   | Place    | Note
-------+----------+-------------------------------------------
     0 | D:1      | lordive the Minotaur Hunter began the quest for the Orb.
     0 | D:1      | Reached XP level 1. HP: 18/18 MP: 0/0
   279 | D:1      | Reached XP level 2. HP: 25/25 MP: 1/1
   411 | D:1      | Reached skill level 5 in Bows
   458 | D:1      | You fall into a shaft and drop 1 floor!
   722 | D:2      | Reached XP level 3. HP: 26/30 MP: 2/2
  1312 | D:2      | Reached skill level 1 in Armour
  1312 | D:2      | Reached skill level 1 in Stealth
  1683 | D:1      | Reached XP level 4. HP: 37/37 MP: 3/3
  2599 | D:2      | Noticed Jessica
  2605 | D:2      | Killed Jessica
  2778 | D:2      | Reached XP level 5. HP: 44/45 MP: 4/4
  2826 | D:2      | Found a faded altar of an unknown god.
  3232 | D:3      | Reached skill level 6 in Bows
  3620 | D:3      | Found a shadowy altar of Dithmenos.
  3723 | D:4      | Noticed a black bear
  3723 | D:4      | Noticed a black bear
  3723 | D:4      | Found a bloodstained altar of Trog.
  3737 | D:3      | Killed a black bear
  3738 | D:3      | Reached XP level 6. HP: 36/51 MP: 5/5
  3835 | D:3      | HP: 1/51 [black bear (5)]
  3836 | D:3      | Slain by a black bear

Illustrated notes

Levels and vault maps discovered:
D:1:      nzn_arrival_depleted_hourglass, layout_basic, minmay_surrounded
D:2:      minmay_razor_zed, layout_basic,
          shapermc_ecumenical_altar_mp_urbaneastern, uniq_jessica
D:3:      layout_basic, mainiacjoe_overflow_surrounded_room,
          amcnicky_mini_rare_corridor_liquid
D:4:      layout_loops_ring, trog_ov_bears_minmay, uniq_edmund

Skill      XL: |  1  2  3  4  5 |
---------------+----------------+-----
Bows           | 5 6 |  6.2
Armour         | 1 2 3 |  3.2
Stealth        | 1 |  1.8
Fighting       | 3 |  3.5
Dodging        | |  2.9

Action                   |  1- 3 |  4- 6 || total
-------------------------+-------+-------++-------
Melee: Short sword       |    91 |    82 ||   173
       Headbutt          |    17 |    17 ||    34
 Fire: Shortbow          |       |    18 ||    18
 Stab: Sleeping          |     1 |     6 ||     7
Armor: Leather armour    |    17 |    40 ||    57
Dodge: Dodged            |    51 |    77 ||   128
